 Dungeon Crawl Stone Soup version 0.26.0-11-g8f856b5395 (webtiles) character file.

Game seed: 12805887755917594085

2582 BOMJPIETVODKU the Chiller (level 9, 0/66 HPs)
             Began as a Demonspawn Ice Elementalist on Jan 15, 2021.
             Was a Believer of Cheibriados.
             Slain by a gnoll shaman
             ... wielding a cursed +0 spear
              (5 damage)
             ... in a bailey.
             The game lasted 00:48:15 (8212 turns).

BOMJPIETVODKU the Chiller (DsIE)                    Turns: 8212, Time: 00:48:16

Health: 0/66       AC:  6    Str: 14    XL:     9   Next: 32%
Magic:  14/19      EV: 13    Int: 23    God:    Cheibriados [**....]
Gold:   377        SH:  0    Dex: 17    Spells: 14/21 levels left

rFire    . . .     SeeInvis .   s - +4 flail (protect)
rCold    + . .     Faith    .   (no shield)
rNeg     + . .     Spirit   .   a - +0 robe
rPois    .         Reflect  .   (no helmet)
rElec    .         Harm     .   (no cloak)
rCorr    .         Rampage  .   (no gloves)
Will     .....                  (no boots)
Stlth    ++........             (no amulet)
HPRegen  0.21/turn              i - ring of protection from cold
MPRegen  0.16/turn              u - ring of positive energy

@: very slow
A: claws 1, iridescent scales 2, demonic guardian 1, spiny 1
a: Renounce Religion, Bend Time


You were in a bailey.
You worshipped Cheibriados.
Cheibriados was pleased with you.
You visited 2 branches of the dungeon, and saw 8 of its levels.
You also visited: Bailey.

You collected 377 gold pieces.

Inventory:

Hand Weapons
 h - a +0 dagger
 l - a +0 short sword
 p - a +2 hand axe of freezing
 s - a +4 flail of protection (weapon)
 y - a +0 quarterstaff
Armour
 a - a +0 robe (worn)
 g - a scarf of harm
Magical Staves
 t - an uncursed staff of conjuration {unknown}
Jewellery
 i - a ring of protection from cold (left claw)
 u - a ring of positive energy (right claw)
 x - an uncursed ring of willpower {unknown}
Wands
 v - a wand of disintegration (7)
Scrolls
 c - 2 scrolls of identify
 d - 6 scrolls of remove curse
 e - 4 scrolls of teleportation
 j - 3 scrolls of amnesia
 q - 3 scrolls of blinking
Potions
 b - 3 potions of curing
 f - a potion of cancellation {unknown}
 k - a potion of degeneration {unknown}
 m - a potion of magic {unknown}
 n - 2 potions of heal wounds {unknown}
 o - a potion of lignification {unknown}
 r - 2 potions of haste {unknown}
 w - a potion of resistance {unknown}
 z - a potion of ambrosia {unknown}


   Skills:
 * Level 4.7 Fighting
 + Level 1.2(1.7) Axes
 + Level 1.6(2.0) Maces & Flails
 + Level 2.7 Dodging
 - Level 2.0 Stealth
 + Level 6.7 Spellcasting
 * Level 3.5 Summonings
 + Level 7.4 Ice Magic
 * Level 3.6 Invocations


You had 14 spell levels left.
You knew the following spells:

 Your Spells              Type           Power        Failure   Level
a - Freeze                Ice            100%         1%          1
b - Frozen Ramparts       Ice            82%          1%          3
c - Ozocubu's Armour      Ice            41%          1%          3

Your spell library contained the following spells:

 Spells                   Type           Power        Failure   Level
 Summon Ice Beast         Ice/Summ       32%          9%          4
 Hailstorm                Conj/Ice       24%          17%         4
 Confusing Touch          Hex            7%           24%         3
 Gell's Gravitas          Tloc           3%           24%         3
 Metabolic Englaciation   Hex/Ice        12%          43%         5
 Petrify                  Tmut/Erth      7%           61%         4
 Yara's Violent Unravell  Hex/Tmut       3%           91%         5


Dungeon Overview and Level Annotations

Branches:
Dungeon (7/15)             Temple (1/1) D:6          Bailey (1/1)

Altars:
Cheibriados
Elyvilon
Fedhas
Hepliaklqana
Kikubaaqudgha
Nemelex Xobeh
Okawaru
Qazlal
Ru
Sif Muna
Trog
Zin
The Shining One


Innate Abilities, Weirdness & Mutations

You have sharp fingernails.
You are mostly covered in iridescent scales. (AC +4)
A weak demonic guardian rushes to your aid.
You are partially covered in sharp spines.


Message History

The gnoll shaman invokes the aid of its god against you.
Your quasit glows brighter.
You shred the net and break free!
The frozen ramparts melt away.
Your quasit barely misses the gnoll shaman. x2
Your quasit claws the gnoll shaman but does no damage.
Your icy armour cracks and falls away as you move.
Your quasit disappears in a puff of smoke!
You see here a throwing net.
There is an open gate here.
The gnoll shaman hits you from afar with a cursed +0 spear.
* * * LOW HITPOINT WARNING * * *
The gnoll shaman hits you from afar with a cursed +0 spear.
* * * LOW HITPOINT WARNING * * *
You see here a throwing net.
The gnoll shaman hits you with a cursed +0 spear!
* * * LOW HITPOINT WARNING * * *
You barely miss the gnoll shaman.
The gnoll shaman is lightly wounded.
The gnoll shaman hits you with a cursed +0 spear.
You die...

..≈≈♣♣ #..≈.♣ #..≈.♣♣
#..≈..♣♣ #### #..≈...♣
##...# #..≈...♣
#.....######..≈...♣♣
...g...#g@('...)...♣♣♣#
...8..)'...'..).†.∩..∩#
...$..)#...(....)..♣♣♣#
#.....######..≈...♣♣
##...# #..≈..♣♣ ####
#..≈..♣ #..≈..♣ #..≈.♣♣
#..≈.♣


You could see a gnoll shaman.

Vanquished Creatures
  Pikel (D:6)
  Grinder (D:5)
  Sigmund (D:5)
  Edmund (D:4)
  Duvessa (D:7)
  A phantom (D:4)
  An ice beast (D:5)
  4 ogres
  A centaur (D:6)
  A lemure (D:6)
  4 bullfrogs
  2 gnoll sergeants (Bailey)
  An elf skeleton (D:4)
  Dowan (D:7)
  A wight (D:7)
  A quasit (D:7)
  2 hounds (Bailey)
  A human skeleton (D:4)
  An orc wizard (D:6)
  An iguana (D:6)
  Natasha (thrice) (D:3)
  A worker ant (D:7)
  16 gnolls
  7 adders
  2 white imps (D:5)
  2 ufetubi
  An adder skeleton (D:7)
  2 worms (D:3)
  2 dart slugs
  4 leopard geckos
  7 orcs
  9 bats
  3 giant cockroaches
  9 goblins
  5 hobgoblins
  4 kobolds
  4 quokkas
  A ball python (D:1)
  6 frilled lizards
  2 orc skeletons (D:4)
  4 rats
122 creatures vanquished.

Vanquished Creatures (collateral kills)
  An elf skeleton (D:4)
  A gnoll (Bailey)
  A worm (D:6)
  2 orcs (D:6)
  An orc skeleton (D:4)
6 creatures vanquished.

Grand Total: 128 creatures vanquished

Notes
Turn   | Place    | Note
-------+----------+-------------------------------------------
     0 | D:1      | BOMJPIETVODKU the Demonspawn Ice Elementalist began the
                  | quest for the Orb.
     0 | D:1      | Reached XP level 1. HP: 13/13 MP: 3/3
   154 | D:1      | Gained mutation: You are partially covered in iridescent
                  | scales. (AC +2) [demonic ancestry]
   154 | D:1      | Reached XP level 2. HP: 6/19 MP: 0/5
   568 | D:1      | Reached skill level 4 in Ice Magic
  1107 | D:2      | Reached skill level 1 in Fighting
  1107 | D:2      | Gained mutation: You are mostly covered in iridescent
                  | scales. (AC +4) [demonic ancestry]
  1107 | D:2      | Reached XP level 3. HP: 22/26 MP: 2/6
  1287 | D:2      | Learned a level 3 spell: Frozen Ramparts
  2570 | D:3      | Reached XP level 4. HP: 28/32 MP: 1/8
  2791 | D:3      | Noticed Natasha
  2800 | D:3      | Killed Natasha
  3022 | D:3      | Gained mutation: You are partially covered in sharp spines.
                  | [demonic ancestry]
  3022 | D:3      | Reached XP level 5. HP: 9/37 MP: 1/9
  3392 | D:3      | Noticed Natasha
  3401 | D:3      | Killed Natasha
  3566 | D:3      | Noticed Natasha
  3573 | D:3      | Killed Natasha
  3791 | D:4      | Reached skill level 5 in Ice Magic
  3984 | D:4      | Noticed an ogre
  4016 | D:4      | Killed an ogre
  4017 | D:4      | Gained mutation: A weak demonic guardian rushes to your
                  | aid. [demonic ancestry]
  4017 | D:4      | Reached XP level 6. HP: 44/44 MP: 4/11
  4412 | D:4      | Reached skill level 1 in Axes
  4845 | D:4      | Noticed Edmund
  4867 | D:4      | Killed Edmund
  4868 | D:4      | Reached XP level 7. HP: 36/51 MP: 6/13
  5440 | D:5      | Entered Level 5 of the Dungeon
  5591 | D:5      | Found a sacrificial altar of Ru.
  5761 | D:5      | Noticed Sigmund
  5771 | D:5      | Killed Sigmund
  5772 | D:5      | Reached skill level 5 in Spellcasting
  5772 | D:5      | Reached skill level 6 in Ice Magic
  5926 | D:5      | Noticed Grinder
  5966 | D:5      | Killed Grinder
  5967 | D:5      | Reached skill level 1 in Maces & Flails
  5967 | D:5      | Gained mutation: You have sharp fingernails. [demonic
                  | ancestry]
  5967 | D:5      | Reached XP level 8. HP: 24/59 MP: 9/16
  6165 | D:5      | Learned a level 3 spell: Ozocubu's Armour
  7049 | D:6      | Reached skill level 1 in Summonings
  7149 | D:6      | Found a staircase to the Ecumenical Temple.
  7159 | Temple   | Entered the Ecumenical Temple
  7376 | Temple   | Became a worshipper of Cheibriados the Contemplative
  7467 | D:6      | Noticed Pikel
  7478 | D:6      | Killed Pikel
  7654 | D:7      | Noticed Duvessa
  7654 | D:7      | Noticed Dowan
  7659 | D:7      | Killed Dowan
  7663 | D:7      | Killed Duvessa
  7664 | D:7      | Reached skill level 7 in Ice Magic
  7722 | D:7      | Reached XP level 9. HP: 54/66 MP: 15/18
  7990 | D:7      | Reached * piety under Cheibriados
  8004 | D:7      | Found a flagged portal.
  8013 | Bailey   | Entered a bailey
  8200 | Bailey   | Reached ** piety under Cheibriados
  8212 | Bailey   | Slain by a gnoll shaman

Illustrated notes

Levels and vault maps discovered:
D:1:      dpeg_arrival_tiny_a, layout_rooms, minivault_11
D:2:      layout_rooms, kennysheep_cross_room, kennysheep_generic_room_3
D:3:      layout_basic, uniq_natasha
D:4:      layout_basic, nicolae_ossuary_entry_catacombs, uniq_edmund
D:5:      layout_cave_pods, basic_altar, uniq_sigmund, uniq_grinder
D:6:      minmay_opposing_rooms, layout_cave_pools,
          chequers_temple_overflow_statue_of_worship,
          minmay_temple_entry_overgrown, lemuel_angel_altar, uniq_pikel
D:7:      layout_loops_corners, minitemple, enter_bailey_4, uniq_joseph,
          uniq_duvessa
Temple:   nicolae_temple_figure_eight
Bailey:   bailey_polearm_gnolls_kennysheep, bailey

Skill      XL: |  1  2  3  4  5  6  7  8  9 |
---------------+----------------------------+-----
Stealth        | 2 |  2.0
Ice Magic      | 4 5 6 7 |  7.4
Fighting       | 1 2 3 4 |  4.7
Spellcasting   | 3 4 5 6 |  6.7
Dodging        | 2 |  2.7
Axes           | 1 |  1.2
Maces & Flails | 1 |  1.6
Summonings     | 2 3 |  3.5
Invocations    | 2 3 |  3.6

Action                   |  1- 3 |  4- 6 |  7- 9 || total
-------------------------+-------+-------+-------++-------
Melee: Unarmed           |    11 |       |       ||    11
       Dagger            |    13 |       |       ||    13
       Short sword       |     5 |     3 |       ||     8
       Hand axe          |       |    29 |       ||    29
       Flail             |       |       |    37 ||    37
 Cast: Freeze            |    65 |    56 |    57 ||   178
       Frozen Ramparts   |     2 |     9 |    15 ||    26
       Ozocubu's Armour  |       |       |     7 ||     7
  Use: Scroll            |     2 |     2 |     3 ||     7
       Potion            |       |     1 |       ||     1
 Stab: Sleeping          |     2 |     2 |     1 ||     5
Armor: Robe              |    11 |    22 |    41 ||    74
Dodge: Dodged            |    41 |    42 |    83 ||   166
